 Dungeon Crawl Stone Soup version 0.25-a0-949-gdd2af9e06e (webtiles) character file.

Game seed: 5641204232816120394, levelgen mode: deterministic

402599 Flugslaktarn the Slayer (level 21, -10/316 HPs)
             Began as a Minotaur Fighter on May 9, 2020.
             Was the Champion of Trog.
             Killed from afar by a shadow dragon (13 damage)
             ... with a bolt of negative energy
             ... on level 1 of the Realm of Zot.
             The game lasted 00:24:53 (35047 turns).

Flugslaktarn the Slayer (Minotaur Fighter)         Turns: 35047, Time: 00:24:53

Health: -10/316    AC: 29    Str: 21    XL:     21   Next: 99%
Magic:  5/5        EV: 17    Int:  5    God:    Trog [******]
Gold:   2840       SH: 27    Dex: 20    Spells: 20/20 levels left

rFire    + . .     SeeInvis +   V - +9 broad axe (antimagic)
rCold    + + +     Gourm    .   G - +0 tower shield
rNeg     + . .     Faith    .   N - +3 plate armour {MR+}
rPois    +         Spirit   .   X - -2 hat of the Alchemist {rElec rPois rF+ rC+ rN+ MR+ rMut rCorr}
rElec    +         Reflect  +   s - +0 cloak
rCorr    +         Harm     .   Y - +2 pair of gloves "Gauny" {rC+}
rMut     +                      B - +2 pair of boots
MR       ++++.                  k - +4 amulet of reflection
Stlth    ..........             i - ring of see invisible
HPRegen  0.62/turn              c - ring of protection from cold
MPRegen  0.09/turn

@: berserking, very slightly contaminated, lightly drained, very quick
A: retaliatory headbutt, horns 2, cold resistance 1, low mp 2, magic resistance
1, shaggy fur 1, electricity resistance
}: 3/15 runes: serpentine, barnacled, silver
a: Berserk, Trog's Hand, Brothers in Arms, Renounce Religion


You were on level 1 of the Realm of Zot.
You worshipped Trog.
Trog was exalted by your worship.
You were not hungry.

You visited 8 branches of the dungeon, and saw 42 of its levels.
You visited 1 bazaar.
You also visited: Sewer, Ossuary and Ice Cave.

You collected 6259 gold pieces.
You spent 3419 gold pieces at shops.

Inventory:

Hand Weapons
 V - a +9 antimagic broad axe (weapon)
   (Trog gifted it to you on level 13 of the Dungeon)
Missiles
 o - 4 throwing nets (quivered)
Armour
 s - a +0 cloak (worn)
   (You took it off Maurice on level 8 of the Dungeon)
 B - a +2 pair of boots (worn)
   (You found it on level 1 of the Dungeon)
 G - a +0 tower shield (worn)
   (You found it on level 8 of the Dungeon)
 N - a +3 plate armour of magic resistance (worn)
   (You found it on level 1 of the Lair of Beasts)
 O - a +2 hat of magic resistance
   (You found it on level 4 of the Lair of Beasts)
 X - the -2 hat of the Alchemist (worn) {rElec rPois rF+ rC+ rN+ MR+ rMut rCorr}
   (You found it on level 5 of the Vaults)

   It protects you from fire.
   It protects you from cold.
   It insulates you from electricity.
   It protects you from poison.
   It protects you from negative energy.
   It affects your resistance to hostile enchantments.
   It provides partial protection from all sources of acid and corrosion.
   It protects you from mutation.
 Y - the +2 pair of gloves "Gauny" (worn) {rC+}
   (You found it on level 5 of the Vaults)

   It protects you from cold.
Jewellery
 c - a ring of protection from cold (right hand)
   (You found it on level 1 of the Lair of Beasts)
 i - a ring of see invisible (left hand)
   (You found it on level 1 of the Dungeon)
 k - a +4 amulet of reflection (around neck)
   (You found it on level 4 of the Shoals)
 u - a +4 ring of strength
   (You found it on level 4 of the Dungeon)
 T - an uncursed ring of protection from cold
   (You took it off a deep elf sorcerer on level 5 of the Vaults)
Wands
 v - a wand of digging (14)
   (You found it on level 9 of the Dungeon)
 E - a wand of paralysis (1)
   (You found it on level 2 of the Lair of Beasts)
 F - a wand of clouds (7)
   (You found it on level 4 of the Snake Pit)
 P - a wand of iceblast (19)
   (You found it on level 5 of the Lair of Beasts)
 Q - a wand of enslavement (3)
   (You found it on level 1 of the Lair of Beasts)
 S - a wand of acid (6)
   (You found it on level 1 of the Lair of Beasts)
Scrolls
 b - 2 scrolls of silence
 j - 3 scrolls of magic mapping
 r - 6 scrolls of identify
 t - 11 scrolls of teleportation
 x - 12 scrolls of remove curse
 y - 5 scrolls of fear
 z - 2 scrolls of blinking
 A - 3 scrolls of immolation
 C - 2 scrolls of holy word
 J - 5 scrolls of fog
 M - 9 scrolls of enchant armour
 W - 3 scrolls of summoning
Potions
 d - 3 potions of might
 g - 4 potions of lignification
 h - 7 potions of haste
 l - 5 potions of cancellation
 m - 4 potions of flight
 n - 2 potions of berserk rage
 q - 13 potions of curing
 D - 5 potions of ambrosia
 I - 2 potions of magic
 K - a potion of invisibility
 U - 2 potions of mutation
Comestibles
 e - 29 rations


   Skills:
 + Level 23.0(22.5) Fighting
 - Level 20.8(20.3) Axes
 - Level 18.8(18.3) Armour
 + Level 18.1(17.7) Dodging
 + Level 20.3(19.8) Shields


You had 20 spell levels left.
You didn't know any spells.
Your spell library was empty.

Dungeon Overview and Level Annotations

Branches:
Dungeon (15/15)            Temple (0/1) D:6            Lair (6/6) D:8
 Shoals (4/4) Lair:3        Snake (4/4) Lair:2        Slime (0/5) Lair:5
    Orc (2/2) D:12            Elf (0/3) Orc:2        Vaults (5/5) D:14
 Depths (5/5) D:15            Zot (1/5) Depths:5      Sewer (visited)
Ossuary (visited)           IceCv (visited)
  Crypt: Vaults:2-3

Altars:
Ashenzari
Elyvilon
Fedhas
Hepliaklqana
Ru
Trog
Xom
Beogh

Shops:
D:4 }   D:5 *   D:9 (==?   Orc:2 [(%?   Shoals:4 *   Vaults:3 *[}
Vaults:4 =}(   Depths:5 %

Annotations:
D:7 3 runed translucent doors, pickledwalnut's ghost, novice OgTm
D:9 1 runed translucent door, Lanoc's ghost, novice TrBe
Lair:1 exclusion: oklob plant
Depths:2 1 exclusion


Innate Abilities, Weirdness & Mutations

You reflexively headbutt those who attack you in melee.
You have a pair of horns on your head.
Your flesh is cold resistant. (rC+)
Your magical capacity is very low. (-20% MP)
You are resistant to hostile enchantments. (MR+)
You are covered in fur. (AC +1)
You are resistant to electric shocks. (rElec)


Message History

You miss the yellow draconian monk. You block the death cob's attack.
The yellow draconian monk throws acid at you.
The glob of acid reflects off an invisible shield around you!
The glob of acid hits the yellow draconian monk.
The yellow draconian monk is splashed with acid.
The acid corrodes the yellow draconian monk!
The acid splashes onto the death cob!
The death cob is splashed with acid!
The deathcap draws from the surrounding life force!
* * * LOW HITPOINT WARNING * * *
Unknown command.
You slice the yellow draconian monk!! You headbutt the yellow draconian monk!
You kill the yellow draconian monk!
Trog accepts your kill.
Your Fighting skill increases to level 23!
You slash the shadow dragon! You slash the death cob!
You completely miss the curse toe. You block the death cob's attack. x2
The red draconian hits you but does no damage.
The shadow dragon breathes negative energy at you.
The bolt of negative energy hits you! You partially resist.
You feel drained.
You die...

#...... #..
... .?..#..
.......
.....#.## ##
#.....d§#
..#
#....D§#...#
#..§qz@§...#
#...§§§z§f.#
#..f§^§§§###
#.§§.§..§#
#..D§§.z..#
#......○..#
#......####
.....#.
..#.$


You could see a shadow dragon, a red draconian, a curse toe, a death cob, a
purple draconian stormcaller and a deathcap.

Vanquished Creatures
  An ancient lich (Vaults:5)
  A juggernaut (Depths:5)
  Jory (Depths:2)
  2 golden dragons
  A bone dragon (Depths:4)
  An electric golem (Zot:1)
  5 liches
  5 tentacled monstrosities
  2 titans (Vaults:5)
  3 quicksilver dragons (Vaults:4)
  3 sphinxes
  A death cob (Zot:1)
  Kirke (Snake:4)
  7 tengu reavers
  7 nagarajas (Snake:4)
  A draconian monk (Zot:1)
  5 shadow dragons
  5 storm dragons
  Ilsuiw (Shoals:2)
  4 frost giants
  A draconian knight (Depths:5)
  2 deep elf sorcerers (Vaults:5)
  7 fire giants
  An orc warlord (Orc:2)
  10 vault wardens
  A draconian scorcher (Depths:5)
  7 stone giants
  5 very ugly things
  7 ironheart preservers
  A draconian annihilator (Zot:1)
  A war gargoyle (Vaults:5)
  A yellow draconian (Zot:1)
  2 purple draconians
  A stone giant (shapeshifter) (Vaults:5)
  2 red draconians (Zot:1)
  A deep elf annihilator (Vaults:5)
  2 black draconians
  Snorg (Lair:5)
  A merfolk javelineer (Shoals:4)
  15 ettins
  A deep elf death mage (Vaults:4)
  A crystal guardian (Vaults:4)
  2 deep elf high priests (Vaults:5)
  5 merfolk impalers
  6 yaktaur captains
  10 fire dragons
  6 great orbs of eyes
  Josephine (D:12)
  An ice dragon (Depths:4)
  5 hydras
  2 naga warriors (Snake:4)
  3 rakshasas
  Harold (D:9)
  30 vault guards
  9 anacondas
  2 catoblepae
  6 ogre magi
  Erica (Lair:1)
  5 centaur warriors
  2 spriggan air magi (Depths:4)
  A merfolk aquamancer (Shoals:4)
  23 two-headed ogres
  An alligator snapping turtle (Shoals:4)
  6 deep troll earth magi
  A death yak (Lair:6)
  7 tengu warriors
  7 deep troll shamans
  8 naga sharpshooters (Snake:4)
  3 spriggan berserkers
  A shock serpent (shapeshifter) (Vaults:4)
  7 shock serpents
  A deep elf knight (Vaults:4)
  Sonja (Lair:4)
  10 salamander mystics
  A storm dragon skeleton (Vaults:5)
  3 shadow wraiths (Vaults:4)
  3 iron trolls (Depths:2)
  3 skeletal warriors (D:13)
  17 deep trolls
  5 hell knights (Depths:4)
  6 sea snakes
  3 naga ritualists
  2 wizards
  An unseen horror (D:13)
  A flayed ghost (Depths:2)
  Pikel (D:8)
  4 lindwurms (Snake:4)
  A necromancer (Vaults:5)
  2 deep elf archers
  18 harpies
  A wolf spider (Vaults:4)
  13 orc knights
  A shining eye (shapeshifter) (D:13)
  11 mana vipers
  A phantasmal warrior (Vaults:4)
  2 human zombies (Vaults:5)
  6 ironbrand convokers
  4 orc sorcerers
  7 deep elf magi
  17 ugly things
  2 cyclopes
  A moth of wrath (Zot:1)
  12 salamanders
  A faun (Shoals:2)
  2 water nymphs (Shoals:4)
  13 naga magi
  7 manticores
  20 black mambas
  A merfolk siren (Shoals:2)
  4 elephants (Lair:3)
  2 ice statues (IceCv)
  2 apocalypse crabs (Depths:2)
  Joseph (D:7)
  Maurice (D:8)
  4 vault sentinels
  11 spiny frogs
  Psyche (D:8)
  5 guardian serpents (Snake:4)
  A spiny frog (shapeshifter) (D:14)
  2 freezing wraiths (Vaults:3)
  2 centaur skeletons
  3 kobold demonologists (D:14)
  2 efreet
  25 yaktaurs
  7 komodo dragons
  8 tengu conjurers
  A queen bee (D:11)
  9 merfolk
  3 hornets
  A jumping spider (shapeshifter) (Vaults:5)
  2 polar bears
  7 blink frogs
  5 slime creatures (Vaults:3)
  5 trolls
  2 blink frogs (shapeshifter)
  3 snapping turtles
  A dream sheep (Lair:4)
  A fire giant simulacrum (Vaults:5)
  8 hippogriffs
  A shadow (D:14)
  3 wyverns
  A spriggan (shapeshifter) (Vaults:3)
  A spriggan (Depths:5)
  5 wraiths
  A redback (shapeshifter) (Depths:3)
  10 water elementals
  A tarantella (shapeshifter) (Vaults:1)
  Grum (D:8)
  A human (shapeshifter) (Vaults:5)
  46 yaks
  4 hogs (Snake:4)
  A hungry ghost (D:12)
  5 basilisks
  2 vampire mosquitoes (D:15)
  A swamp worm (shapeshifter) (Vaults:5)
  3 wargs
  17 nagas
  8 water moccasins
  6 porcupines
  36 orc warriors
  8 ice beasts
  4 slaves (D:8)
  2 phantoms
  3 eyes of draining
  25 ogres
  2 black bears (Lair:1)
  2 necrophages
  10 wolves
  11 centaurs
  7 crocodiles
  A big kobold (shapeshifter) (Depths:3)
  An elf simulacrum (Vaults:1)
  A big kobold (D:14)
  11 bullfrogs
  A wyvern zombie (D:14)
  A water moccasin zombie (D:8)
  3 scorpions
  19 killer bees
  An electric eel (Lair:1)
  9 wights
  4 howler monkeys
  9 crimson imps
  6 centaur zombies
  2 quasits
  2 lava snakes (Snake:3)
  An iron imp (Depths:4)
  25 orc priests
  A bullfrog zombie (D:11)
  2 jellies
  4 hounds
  A bullfrog skeleton (D:12)
  6 iguanas
  A jelly (shapeshifter) (Vaults:4)
  27 orc wizards
  11 worker ants
  5 big kobold zombies (Ossuary)
  3 hound skeletons
  6 mummies (Ossuary)
  A worker ant zombie (D:6)
  5 gnolls
  2 river rats (D:3)
  19 adders
  2 shadow imps
  An ufetubus (Depths:4)
  14 oozes
  An adder skeleton (D:5)
  6 worms
  2 dart slugs
  15 leopard geckos
  119 orcs
  7 bats
  17 giant cockroaches
  6 goblins
  6 hobgoblins
  14 jackals
  7 kobolds
  3 quokkas
  18 ball pythons
  19 frilled lizards
  A leopard gecko skeleton (D:4)
  A quokka zombie (D:5)
  7 rats
  4 fungi
  6 plants
1319 creatures vanquished.

Vanquished Creatures (collateral kills)
  A merfolk javelineer (Shoals:4)
  A catoblepas (Lair:5)
  A merfolk siren (Shoals:4)
  A yak (Lair:5)
4 creatures vanquished.

Vanquished Creatures (others)
  A draconian annihilator (Zot:1)
  An ironheart preserver (Vaults:5)
  A stone giant (Depths:3)
  A crystal guardian (Vaults:4)
  A yaktaur captain (Vaults:5)
  A naga warrior (Snake:4)
  A catoblepas (Lair:5)
  A naga sharpshooter (Snake:4)
  A wizard (Vaults:3)
  A deep elf archer (Vaults:4)
  An ugly thing (IceCv)
  A cyclops (D:14)
  8 yaktaurs
  3 orcs
  A quokka (D:4)
  4 plants
28 creatures vanquished.

Grand Total: 1351 creatures vanquished

Notes
Turn   | Place    | Note
-------+----------+-------------------------------------------
     0 | D:1      | Flugslaktarn the Minotaur Fighter began the quest for the
                  | Orb.
     0 | D:1      | Reached XP level 1. HP: 19/19 MP: 0/0
    15 | D:1      | Reached XP level 2. HP: 5/27 MP: 1/1
   320 | D:1      | Reached skill level 4 in Fighting
   493 | D:1      | Reached XP level 3. HP: 32/33 MP: 2/2
  1178 | D:2      | Reached XP level 4. HP: 32/41 MP: 3/3
  1994 | D:3      | Reached XP level 5. HP: 47/47 MP: 4/4
  2054 | D:3      | Found a glowing drain.
  2080 | Sewer    | Entered a sewer
  2283 | Sewer    | Reached skill level 5 in Fighting
  2299 | Sewer    | Reached skill level 5 in Armour
  2330 | Sewer    | Reached skill level 5 in Shields
  2542 | Sewer    | Reached XP level 6. HP: 55/56 MP: 5/5
  3002 | D:3      | Found a bloodstained altar of Trog.
  3134 | D:3      | Found a faded altar of an unknown god.
  3352 | D:3      | Became a worshipper of Trog the Wrathful
  3510 | D:4      | Found a shattered altar of Ashenzari.
  3513 | D:4      | Reached XP level 7. HP: 62/62 MP: 6/6
  3554 | D:4      | Found a white marble altar of Elyvilon.
  3855 | D:4      | Found Waebrau's Gadget Boutique.
  4026 | D:5      | Entered Level 5 of the Dungeon
  4110 | D:5      | Reached skill level 5 in Axes
  4253 | D:5      | Reached skill level 6 in Fighting
  4381 | D:5      | Found Ximmaozxo's Assorted Antiques.
  4388 | D:5      | Bought a scroll labeled GOOSAMA FAUFE for 31 gold pieces
  4388 | D:5      | Bought a scroll labeled ROET ASTRIDASUK for 31 gold pieces
  4388 | D:5      | Bought a smoky inky potion for 27 gold pieces
  4388 | D:5      | Bought an orange potion for 27 gold pieces
  4391 | D:5      | Identified the +4 broad axe of Descent {drain, rElec} (You
                  | acquired it on level 5 of the Dungeon)
  4566 | D:5      | Reached * piety under Trog
  4994 | D:6      | Reached XP level 8. HP: 65/71 MP: 7/7
  5029 | D:6      | Identified the amulet "Juneock" {Acrobat +Inv +Fly rF-
                  | Dex+2} (You acquired it on level 6 of the Dungeon)
  5153 | D:6      | Reached ** piety under Trog
  5189 | D:6      | Found a staircase to the Ecumenical Temple.
  5335 | D:6      | Reached skill level 7 in Fighting
  5626 | D:7      | Found a runed translucent gate.
  5626 | D:7      | Found a runed translucent gate.
  5626 | D:7      | Found a runed translucent gate.
  5863 | D:7      | Reached XP level 9. HP: 81/81 MP: 8/8
  5866 | D:7      | Reached skill level 8 in Fighting
  5979 | D:7      | Noticed Joseph
  5987 | D:7      | Killed Joseph
  6040 | D:7      | Noticed pickledwalnut's ghost (novice OgTm)
  6517 | D:8      | Noticed Psyche
  6520 | D:8      | Noticed Pikel
  6523 | D:8      | Killed Psyche
  6534 | D:8      | Killed Pikel
  6534 | D:8      | Reached skill level 9 in Fighting
  6543 | D:8      | Reached *** piety under Trog
  6662 | D:8      | Reached XP level 10. HP: 91/91 MP: 9/9
  6830 | D:8      | Found a staircase to the Lair.
  6842 | D:8      | Noticed Maurice
  6849 | D:8      | Killed Maurice
  6892 | D:8      | Noticed Grum
  6902 | D:8      | Killed Grum
  7049 | D:8      | Found a blossoming altar of Fedhas.
  7080 | D:8      | Found a sand-covered staircase.
  7088 | Ossuary  | Entered an ossuary
  7211 | D:8      | Reached **** piety under Trog
  7223 | D:8      | Reached skill level 10 in Armour
  7223 | D:8      | Reached skill level 10 in Shields
  7227 | D:8      | Reached skill level 10 in Fighting
  7645 | D:9      | Found Loqorib's Jewellery Shoppe.
  7736 | D:9      | Noticed Harold
  7749 | D:9      | Killed Harold
  7749 | D:9      | Reached skill level 10 in Axes
  7814 | D:9      | Found Sorr's Magic Scroll Shop.
  7830 | D:9      | Bought a scroll of blinking for 97 gold pieces
  7830 | D:9      | Bought a scroll of fog for 26 gold pieces
  7855 | D:9      | Found Kyut's Jewellery Shoppe.
  7961 | D:9      | Found a runed translucent door.
  7965 | D:9      | Found a shimmering altar of Xom.
  7965 | D:9      | Noticed Lanoc's ghost (novice TrBe)
  7965 | D:9      | Noticed a +1 quarterstaff of chaos
  8011 | D:9      | Found a sacrificial altar of Ru.
  8085 | D:9      | Found Wiseptiy's Antique Weapon Shop.
  8390 | D:10     | Entered Level 10 of the Dungeon
  8474 | Lair:1   | Entered Level 1 of the Lair of Beasts
  8485 | Lair:1   | Reached ***** piety under Trog
  8537 | Lair:1   | Reached XP level 11. HP: 88/101 MP: 10/10
  8685 | Lair:1   | Reached skill level 11 in Fighting
  8857 | Lair:1   | Noticed an oklob plant
  8919 | Lair:1   | Noticed Erica
  8926 | Lair:1   | Killed Erica
  9710 | Lair:2   | Found a staircase to the Snake Pit.
 10002 | Lair:2   | Gained mutation: You are occasionally teleported next to
                  | monsters. [potion of mutation]
 10002 | Lair:2   | Gained mutation: Your muscles are strong. (Str +2) [potion
                  | of mutation]
 10003 | Lair:2   | Lost mutation: You are occasionally teleported next to
                  | monsters. [potion of mutation]
 10003 | Lair:2   | Lost mutation: Your muscles are strong. (Str +2) [potion of
                  | mutation]
 10003 | Lair:2   | Gained mutation: You are frail. (-10% HP) [potion of
                  | mutation]
 10003 | Lair:2   | Gained mutation: You are covered in fur. (AC +1) [potion of
                  | mutation]
 10004 | Lair:2   | Lost mutation: You are frail. (-10% HP) [potion of
                  | mutation]
 10004 | Lair:2   | Gained mutation: You are resistant to electric shocks.
                  | (rElec) [potion of mutation]
 10004 | Lair:2   | Gained mutation: Your flesh is cold resistant. (rC+)
                  | [potion of mutation]
 10004 | Lair:2   | Gained mutation: You are resistant to hostile enchantments.
                  | (MR+) [potion of mutation]
 10585 | Lair:3   | Reached skill level 12 in Fighting
 10592 | Lair:3   | Reached XP level 12. HP: 92/112 MP: 11/11
 10693 | Lair:3   | Found a staircase to the Shoals.
 10698 | Lair:3   | Received a gift from Trog
 11160 | Lair:4   | Noticed a five-headed hydra
 11163 | Lair:4   | Noticed Sonja
 11174 | Lair:4   | HP: 1/112 [ten-headed hydra (9)]
 11179 | Lair:4   | Killed a ten-headed hydra
 11182 | Lair:4   | Killed Sonja
 11414 | Lair:4   | Noticed a seven-headed hydra
 11418 | Lair:4   | Killed a 12-headed hydra
 12141 | Lair:5   | Noticed a catoblepas
 12153 | Lair:5   | Killed a catoblepas
 12211 | Lair:5   | Reached skill level 13 in Fighting
 12212 | Lair:5   | Noticed a catoblepas
 12217 | Lair:5   | Noticed a catoblepas
 12221 | Lair:5   | Found a staircase to the Slime Pits.
 12228 | Lair:5   | Killed a catoblepas
 12232 | Lair:5   | Noticed Snorg
 12235 | Lair:5   | Killed a catoblepas
 12248 | Lair:5   | Killed Snorg
 12248 | Lair:5   | Reached XP level 13. HP: 76/122 MP: 12/12
 12922 | Lair:6   | Entered Level 6 of the Lair of Beasts
 13672 | D:10     | You fall into a shaft and drop 1 floor!
 13929 | D:11     | Reached skill level 14 in Fighting
 14680 | D:12     | Noticed Josephine
 14692 | D:12     | Killed Josephine
 14847 | D:12     | Found a staircase to the Orcish Mines.
 14948 | Orc:1    | Entered Level 1 of the Orcish Mines
 14980 | Orc:1    | Reached ****** piety under Trog
 15245 | Orc:2    | Entered Level 2 of the Orcish Mines
 15326 | Orc:2    | Received a gift from Trog
 15396 | Orc:2    | Noticed an orc warlord
 15417 | Orc:2    | Killed an orc warlord
 15737 | Orc:2    | Found Gunik's Antique Armour Boutique.
 15738 | Orc:2    | Found a roughly hewn altar of Beogh.
 15739 | Orc:2    | Found Maky's Antique Weapon Shop.
 15861 | Orc:2    | Found a roughly hewn altar of Beogh.
 15902 | Orc:2    | Found a staircase to the Elven Halls.
 16026 | Orc:2    | Reached XP level 14. HP: 128/133 MP: 13/13
 16094 | Orc:2    | Found a roughly hewn altar of Beogh.
 16214 | Orc:2    | Found a roughly hewn altar of Beogh.
 16223 | Orc:2    | Found Qaestropp's Food Shop.
 16275 | Orc:2    | Found a roughly hewn altar of Beogh.
 16276 | Orc:2    | Found Komm's Magic Scroll Emporium.
 16293 | Orc:2    | Bought a scroll of acquirement for 572 gold pieces
 16293 | Orc:2    | Bought a scroll of acquirement for 572 gold pieces
 16293 | Orc:2    | Bought a scroll of blinking for 82 gold pieces
 16294 | Orc:2    | Identified the ring "Muwaw" {rF+ AC+2} (You acquired it on
                  | level 2 of the Orcish Mines)
 16461 | Snake:1  | Entered Level 1 of the Snake Pit
 16604 | D:12     | Reached skill level 1 in Dodging
 16873 | D:13     | Gained mutation: Your magical capacity is low. (-10% MP) [a
                  | shining eye]
 16879 | D:13     | Gained mutation: Your magical capacity is very low. (-20%
                  | MP) [a shining eye]
 16916 | D:13     | Received a gift from Trog
 17257 | D:13     | Reached skill level 15 in Axes
 17494 | D:14     | Reached skill level 15 in Shields
 17507 | D:14     | Reached skill level 15 in Fighting
 17599 | D:14     | Reached skill level 15 in Armour
 17985 | D:14     | Identified Sif Muna's Tome of Creative Attacks
 18063 | D:14     | Found a frozen archway.
 18079 | IceCv    | Entered an ice cave
 18080 | IceCv    | Found a transporter.
 18104 | IceCv    | Found a transporter.
 18358 | D:14     | Reached skill level 5 in Dodging
 18360 | D:14     | Received a gift from Trog
 18415 | D:14     | Found a gate to the Vaults.
 18461 | D:15     | Entered Level 15 of the Dungeon
 18498 | D:15     | Found a staircase to the Depths.
 18498 | D:15     | Noticed a frost giant
 18506 | D:15     | Killed a frost giant
 18823 | Shoals:1 | Entered Level 1 of the Shoals
 18877 | Shoals:2 | Noticed Ilsuiw
 18918 | Shoals:2 | Killed Ilsuiw
 18918 | Shoals:2 | Reached XP level 15. HP: 143/143 MP: 11/11
 19056 | Shoals:4 | Entered Level 4 of the Shoals
 19128 | Shoals:4 | Found Eqoshuo's Assorted Antiques.
 19406 | Shoals:4 | Received a gift from Trog
 19411 | Shoals:4 | Reached skill level 16 in Fighting
 19560 | Shoals:4 | Bought a brightly glowing ivory ring for 195 gold pieces
 19560 | Shoals:4 | Identified the ring of Mojidgh {*Slow MR+++ MP+9 Str+8}
                  | (You bought it in a shop on level 4 of the Shoals)
 19567 | Shoals:4 | Bought a potion of heal wounds for 195 gold pieces
 19567 | Shoals:4 | Bought a potion of heal wounds for 195 gold pieces
 19567 | Shoals:4 | Bought a potion of mutation for 312 gold pieces
 19900 | Shoals:4 | HP: 5/144 [merfolk impaler/+0 trident (9)]
 19938 | Shoals:4 | Got a barnacled rune of Zot
 20853 | Snake:4  | Entered Level 4 of the Snake Pit
 21255 | Snake:4  | Noticed Kirke
 21264 | Snake:4  | Received a gift from Trog
 21269 | Snake:4  | Killed Kirke
 21293 | Snake:4  | Reached XP level 16. HP: 143/154 MP: 11/11
 21642 | Snake:4  | Reached skill level 17 in Fighting
 22585 | Snake:4  | Reached skill level 10 in Dodging
 22609 | Snake:4  | Received a gift from Trog
 23475 | Snake:4  | Got a serpentine rune of Zot
 23900 | Vaults:1 | Entered Level 1 of the Vaults
 24164 | Vaults:1 | Reached XP level 17. HP: 145/163 MP: 12/12
 24376 | Vaults:1 | Reached skill level 18 in Fighting
 24869 | Vaults:2 | Received a gift from Trog
 25006 | Vaults:3 | Found Sod Xobb's Gadget Shoppe.
 25023 | Vaults:3 | Found Quzony's Antique Armour Boutique.
 25031 | Vaults:3 | Found a flickering gateway to a bazaar.
 25039 | Bazaar   | Entered a bazaar
 25252 | Bazaar   | Found Qosur's Distillery.
 25256 | Bazaar   | Bought a potion of might for 48 gold pieces
 25256 | Bazaar   | Bought a potion of cancellation for 96 gold pieces
 25284 | Bazaar   | Found Tinnur's Distillery.
 25288 | Bazaar   | Bought a potion of experience for 550 gold pieces
 25288 | Bazaar   | Bought 2 potions of heal wounds for 110 gold pieces
 25288 | Bazaar   | Bought a potion of haste for 110 gold pieces
 25288 | Bazaar   | Bought a potion of heal wounds for 55 gold pieces
 25288 | Bazaar   | Bought a potion of cancellation for 88 gold pieces
 25288 | Bazaar   | Reached XP level 18. HP: 173/173 MP: 13/13
 25299 | Bazaar   | Found Nyuzaca's Gadget Shoppe.
 25323 | Bazaar   | Found Qualyang's Gadget Shoppe.
 25365 | Vaults:3 | Found Ficuon's General Store.
 25645 | Vaults:4 | Found a hazy altar of Hepliaklqana.
 25690 | Vaults:4 | Noticed a lich
 25690 | Vaults:4 | Noticed a tentacled monstrosity
 25704 | Vaults:4 | Killed a tentacled monstrosity
 25708 | Vaults:4 | Killed a lich
 25928 | Vaults:4 | Found Uxanis's Gadget Shop.
 26038 | Vaults:4 | Received a gift from Trog
 26187 | Vaults:4 | Reached skill level 19 in Fighting
 26209 | Vaults:4 | Found Isosyujem's Antique Weapon Shoppe.
 26639 | Vaults:4 | Noticed a lich
 26664 | Vaults:4 | Reached XP level 19. HP: 165/183 MP: 14/14
 26668 | Vaults:4 | Killed a lich
 27203 | Vaults:4 | Found Miept's Jewellery Emporium.
 27214 | Vaults:5 | Entered Level 5 of the Vaults
 27232 | Vaults:5 | Received a gift from Trog
 27679 | Vaults:5 | Noticed an ancient lich
 27709 | Vaults:4 | Reached skill level 20 in Fighting
 28094 | Vaults:5 | Killed an ancient lich
 28528 | Vaults:5 | Noticed a golden dragon
 28939 | Vaults:5 | Killed a golden dragon
 28953 | Vaults:5 | Received a gift from Trog
 28965 | Vaults:4 | Reached skill level 15 in Dodging
 29249 | Vaults:5 | Reached XP level 20. HP: 183/195 MP: 15/15
 29625 | Vaults:5 | Identified the cursed +0 chain mail of the Minstrel
                  | {+Blink} (You found it on level 5 of the Vaults)
 29905 | Vaults:5 | Reached skill level 21 in Fighting
 30227 | Vaults:5 | Identified the +2 robe of Untold Secrets {Int+4 Dex+4}
 30227 | Vaults:5 | Identified the amulet of Serendipity {Reflect rPois Str-2
                  | Int+9 Dex-3 SH+4}
 30392 | Vaults:5 | Found the -2 hat of the Alchemist {rElec rPois rF+ rC+ rN+
                  | MR+ rMut rCorr}
 30397 | Vaults:5 | Got a silver rune of Zot
 30719 | Vaults:5 | Found the +4 dagger "Morg" {pain, MR+ Int+5}
 30726 | Vaults:5 | Received a gift from Trog
 30745 | Vaults:5 | Got a pair of slimy gloves
 30756 | Vaults:5 | Identified the +2 pair of gloves "Gauny" {rC+} (You found
                  | it on level 5 of the Vaults)
 31081 | Depths:1 | Entered Level 1 of the Depths
 32251 | Depths:3 | Noticed Jory
 32439 | Depths:2 | Killed Jory
 32819 | Depths:3 | Reached XP level 21. HP: 206/206 MP: 5/15
 32822 | Depths:3 | Received a gift from Trog
 32864 | Depths:3 | Reached skill level 22 in Fighting
 33189 | Depths:4 | Noticed a golden dragon
 33532 | Depths:4 | Killed a golden dragon
 33656 | Depths:4 | Received a gift from Trog
 34131 | Depths:5 | Entered Level 5 of the Depths
 34565 | Depths:5 | Noticed a juggernaut
 34943 | Depths:5 | Killed a juggernaut
 34957 | Depths:5 | Found Guicar's Food Emporium.
 34982 | Depths:5 | Found a gate to the Realm of Zot.
 35007 | Zot:1    | Entered Level 1 of the Realm of Zot
 35015 | Zot:1    | Noticed a curse toe
 35040 | Zot:1    | Received a gift from Trog
 35041 | Zot:1    | HP: 11/315 [storm dragon (6)]
 35046 | Zot:1    | HP: 3/315 [deathcap/drain life[a curse toe] (4)]
 35047 | Zot:1    | Reached skill level 23 in Fighting
 35047 | Zot:1    | Killed from afar by a shadow dragon

Levels and vault maps discovered:
D:1:      nzn_arrival_crosshair, layout_loops_ring
D:2:      layout_basic
D:3:      layout_loops_ring, lightli_temple_of_fire,
          chequers_ecumenical_altar_grove, cheibrodos_sewer_entry_sluice
D:4:      layout_loops_ring, ashenzari_conservatory_becter, serial_shops,
          shop_statue, elyvilon_altar_4
D:5:      layout_basic, first_ration, kennysheep_windowed_goal
D:6:      minmay_evil_eye, layout_rooms, temple_statues
D:7:      layout_cave_pods, gammafunk_ghost_icy, uniq_joseph
D:8:      layout_loops_ring, nicolae_overflow_crystal_walls, dpeg_oklobed_lair,
          nicolae_ossuary_entry_monument, special_room [special_room_orc],
          uniq_maurice, uniq_pikel, uniq_grum, uniq_psyche
D:9:      layout_irregular_city, nicolae_ru_sacrificial_ziggurat, serial_shops,
          shop, kennysheep_mini, shop, nicolae_shop_stone, ebering_ghost_xom,
          minmay_large_rounded_square, uniq_harold
D:10:     layout_big_octagon, solitary_fountain
D:11:     layout_gridville, david_nohive_1, kennysheep_generic_room_4
D:12:     layout_rooms, orc_0_dummy, uniq_josephine
D:13:     layout_roguey, special_room [special_room_orc],
          minmay_tree_intersection
D:14:     layout_loops_cross, david_vaults_5, portal_ice_cave_entry_pillars_2
D:15:     grunt_enter_depths_snipers, layout_long_grid, serial_bayou_pond_e,
          eino_small_chamber_without_monster, chequers_mini_garden
Lair:1:   layout_cave_shapes, serial_bayou_pond_c,
          nicolae_quartered_pool_little, gammafunk_lair_bear_cave,
          lemuel_fruit_fields, grunt_megastairs_1, minmay_lair_oklob_chamber,
          uniq_erica
Lair:2:   layout_cellular_growth, guppyfry_snake_entry_island,
          minmay_hedge_maze, chequers_serial_rivers_micro_e, grunt_megastairs_3
Lair:3:   layout_hall_layers, minmay_shoals_entry_centaurs
Lair:4:   layout_roguey, hangedman_lair_generics_rect, uniq_sonja
Lair:5:   nzn_motion_control, layout_gridlike, slime_dummy,
          gauntlet_entry_generic, uniq_snorg
Lair:6:   due_jungle_book, layout_cave_pods, nicolae_volcano_entry_batcave,
          nicolae_lair_yak_garden
Shoals:1: layout_shoals
Shoals:2: layout_shoals, nicolae_shoals_kraken_intersection, uniq_ilsuiw
Shoals:3: cheibrodos_shoals_roost, layout_shoals
Shoals:4: shoals_end_simple, layout_shoals, serial_shops, shop_fountains,
          kb_tengu_band
Snake:1:  dpeg_oklob_gauntlet, layout_honeycomb
Snake:2:  layout_gridlike
Snake:3:  layout_basic, drop_trap
Snake:4:  snake_pit_salamanders_mu, layout_cave_town, uniq_kirke
Orc:1:    layout_caves
Orc:2:    grunt_orc_community_town_hall, layout_caves,
          grunt_orc_community_big_house_1, grunt_orc_community_big_house_2,
          grunt_orc_community_house_1, grunt_orc_community_house_1,
          grunt_orc_community_house_2, grunt_orc_community_house_1
Vaults:1: vaults_mumra_chevron, ontoclasm_vaults_ring_large,
          vaults_room_semicircle, v_misc_18, vaults_room_fours,
          ontoclasm_vaults_spin, vaults_room_door_hall, ontoclasm_vaults_twist,
          ontoclasm_vaults_decontamination, vaults_dpeg_ring,
          layout_vaults_quadrants, serial_shops, shop
Vaults:2: v_rooms_4, vaults_room_hallway, nicolae_vaults_theta,
          minmay_crypt_entry_necro_gods, ontoclasm_vaults_hangar, v_misc_10,
          nicolae_vaults_circle_grid_a, v_alt_pattern_5, v_misc_19,
          nicolae_vaults_statue_guard, ontoclasm_vaults_shuriken,
          layout_vaults_omnibox, serial_shops, shop
Vaults:3: nicolae_vaults_big_angled_halls, ontoclasm_vaults_gateway,
          ontoclasm_vaults_ring_small, ontoclasm_vaults_eye, st_diamondy,
          grunt_vaults_trifunnel, v_misc_14, vaults_mumra_hexcomb,
          nicolae_vaults_little_squares_6, dpeg_vaults_monster_box, v_misc_11,
          layout_vaults_big_room, serial_shops, bzr_entry_islet, shop,
          shop_fountains, shop
Vaults:4: nicolae_vaults_three_branches, v_rooms_3,
          nicolae_vaults_circle_grid_b, vaults_mumra_chevron_long, v_misc_29,
          v_misc_10, ontoclasm_vaults_hangar, hangedman_vaults_cutoff,
          st_hourglassy, vaults_room_octagon, nicolae_vaults_back_hallway,
          nicolae_vaults_network_star, hangedman_vaults_impose, v_misc_8,
          layout_vaults_ring, basic_altar, serial_shops, shop, shop, shop, shop,
          nicolae_shop_waterfront
Vaults:5: serial_shops
Depths:1: layout_twisted_cross, pf_coc_iceberg, kennysheep_donut,
          evilmike_spriggan_trog_shrine
Depths:2: gammafunk_mikee_crab_dinner, layout_gridlike, enter_ziggurat_d,
          abyss_entry_crystal, serial_bayou_ford_a, lightli_too_deep,
          nicolae_transmutations_shop, roderic_serpentine_path,
          minmay_staircase_windowed_small, uniq_enchantress
Depths:3: minmay_the_grid_plus [minmay_the_grid_tree, minmay_the_grid_slots,
          minmay_the_grid_odd_star, minmay_the_grid_tiny_cups,
          minmay_the_grid_prize_diamond_cup], layout_cave_pools,
          rand_demon_pan_entry_5, pf_hell_entry_tar_spiral,
          abyss_entry_small_statue_room, minivault_15, minmay_misc_feat_alley,
          nrook_mini_backslash, serial_bayou_shore_b, uniq_jory
Depths:4: minmay_outward_triangles, layout_cave_pools,
          hangedman_abyss_entry_splay, grunt_decor_cap, pf_dread_powers_of_hell,
          grunt_pan_entry_sceptre, infiniplex_staircase_pool_2
Depths:5: evilmike_zot_entry_diamond, layout_cave_shapes, hell_entry,
          serial_shops, nicolae_shop_stone, nrook_campfire
Zot:1:    layout_misc_corridors

Skill      XL: |  1  2  3  4  5  6  7  8  9 10 11 12 13 14 15 16 17 18 19 20 21 |
---------------+----------------------------------------------------------------+-----
Fighting       | 4 5 6 7 9 10 12 13 14 15 16 17 18 19 20 21 23 | 23.0
Armour         | 4 5 6 8 9 10 12 13 14 15 16 17 18 | 18.8
Shields        | 4 5 6 7 9 10 12 13 14 15 17 18 20 | 20.3
Axes           | 3 4 5 7 8 10 11 13 14 16 18 20 | 20.8
Dodging        | 5 8 10 11 13 15 16 18 | 18.1

Action                   |  1- 3 |  4- 6 |  7- 9 | 10-12 | 13-15 | 16-18 | 19-21 || total
-------------------------+-------+-------+-------+-------+-------+-------+-------++-------
Melee: War axe           |    79 |   268 |    24 |       |       |       |       ||   371
       Headbutt          |    10 |    27 |    37 |    99 |   282 |   207 |   364 ||  1026
       Broad axe         |       |       |   160 |   439 |  1137 |   695 |  1010 ||  3441
Invok: Berserk           |       |       |     2 |       |     5 |     4 |    15 ||    26
       Brothers in Arms  |       |       |       |     1 |     1 |       |       ||     2
       Trog's Hand       |       |       |       |       |     1 |     4 |     4 ||     9
Evoke: Wand              |       |       |       |     3 |       |       |       ||     3
  Use: Scroll            |       |     6 |     6 |    20 |    12 |     3 |     5 ||    52
       Potion            |       |       |       |     6 |    10 |     6 |     8 ||    30
 Stab: Distracted        |       |       |       |     1 |       |       |     3 ||     4
       Petrified         |       |       |       |    12 |     7 |       |       ||    19
       Petrifying        |       |       |       |     1 |       |       |       ||     1
       Paralysed         |       |       |       |     1 |       |       |       ||     1
       Invisible         |       |       |       |       |     6 |       |    19 ||    25
  Eat: Chunk             |     1 |     6 |    11 |    18 |    30 |     8 |    10 ||    84
       Ration            |       |     1 |       |       |     2 |     4 |    10 ||    17
Armor: Scale mail        |    42 |   149 |    58 |       |       |       |       ||   249
       Plate armour      |       |       |       |   300 |   555 |    89 |   275 ||  1219
       Fire dragon scale |       |       |       |       |       |    82 |   147 ||   229
Dodge: Dodged            |    20 |    89 |    57 |    85 |   200 |   152 |   474 ||  1077
Block: Kite shield       |    35 |   175 |   137 |    39 |       |       |       ||   386
       Tower shield      |       |       |       |   442 |  1161 |   699 |  1400 ||  3702
       Reflection        |       |       |       |       |    26 |   104 |    66 ||   196

Table legend:
 A = Non-vault XP
 B = Vault XP
 C = Vault XP percentage of total XP
 D = Non-vault monster count
 E = Vault monster count
 F = Vault count percentage of total count
                 A         B        C        D         E       F
            +---------+---------+-------+---------+---------+-------
      Total |  315663 |  312176 |  49.7 |     811 |     519 |  39.0
            +---------+---------+-------+---------+---------+-------
        D:1 |      69 |       0 |   0.0 |      26 |       0 |   0.0
        D:2 |     102 |       0 |   0.0 |      27 |       0 |   0.0
        D:3 |      27 |      37 |  57.8 |       9 |       4 |  30.8
        D:4 |     135 |       0 |   0.0 |       8 |       0 |   0.0
        D:5 |     323 |       1 |   0.3 |      22 |       1 |   4.3
        D:6 |     936 |       0 |   0.0 |      31 |       0 |   0.0
        D:7 |    1143 |     455 |  28.5 |      24 |       1 |   4.0
        D:8 |    1252 |    2314 |  64.9 |      22 |      26 |  54.2
        D:9 |    1367 |     976 |  41.7 |      27 |       1 |   3.6
       D:10 |    1217 |       0 |   0.0 |      10 |       0 |   0.0
       D:11 |    4736 |    1313 |  21.7 |      29 |      16 |  35.6
       D:12 |    3047 |    1671 |  35.4 |      17 |       4 |  19.0
       D:13 |    8327 |     914 |   9.9 |      22 |      12 |  35.3
       D:14 |   11621 |    3185 |  21.5 |      31 |       7 |  18.4
       D:15 |     504 |    3134 |  86.1 |       6 |       3 |  33.3
     Lair:1 |    5518 |    1801 |  24.6 |      29 |       7 |  19.4
     Lair:2 |     741 |    1018 |  57.9 |       4 |       3 |  42.9
     Lair:3 |    3132 |     328 |   9.5 |       9 |       3 |  25.0
     Lair:4 |    3061 |    4041 |  56.9 |      10 |       9 |  47.4
     Lair:5 |    5653 |    3316 |  37.0 |      23 |       5 |  17.9
     Lair:6 |    5185 |    2359 |  31.3 |      18 |       5 |  21.7
   Shoals:1 |     587 |       0 |   0.0 |       2 |       0 |   0.0
   Shoals:2 |    2019 |    3741 |  64.9 |       4 |       4 |  50.0
   Shoals:3 |     443 |       0 |   0.0 |       2 |       0 |   0.0
   Shoals:4 |   13985 |    9249 |  39.8 |      26 |      12 |  31.6
    Snake:1 |    1023 |       0 |   0.0 |       3 |       0 |   0.0
    Snake:2 |    4968 |       0 |   0.0 |      11 |       0 |   0.0
    Snake:3 |   10775 |       0 |   0.0 |      19 |       0 |   0.0
    Snake:4 |   12929 |   53138 |  80.4 |      24 |      73 |  75.3
      Orc:1 |    1258 |       0 |   0.0 |       7 |       0 |   0.0
      Orc:2 |    3209 |    5513 |  63.2 |      27 |      65 |  70.7
   Vaults:1 |   11106 |    5363 |  32.6 |      28 |      10 |  26.3
   Vaults:2 |    2483 |       0 |   0.0 |      15 |       0 |   0.0
   Vaults:3 |    6111 |    8634 |  58.6 |      15 |      11 |  42.3
   Vaults:4 |   40008 |   67369 |  62.7 |      67 |      54 |  44.6
   Vaults:5 |   10793 |   96554 |  89.9 |      15 |      61 |  80.3
   Depths:1 |    3015 |       0 |   0.0 |       4 |       0 |   0.0
   Depths:2 |   26632 |    5815 |  17.9 |      29 |       4 |  12.1
   Depths:3 |   18804 |   11001 |  36.9 |      29 |      11 |  27.5
   Depths:4 |   40637 |    3960 |   8.9 |      43 |       5 |  10.4
   Depths:5 |   26611 |   11422 |  30.0 |      23 |       8 |  25.8
      Zot:1 |   20171 |       0 |   0.0 |      14 |       0 |   0.0
      Sewer |       0 |     403 | 100.0 |       0 |      70 | 100.0
    Ossuary |       0 |     380 | 100.0 |       0 |      14 | 100.0
      IceCv |       0 |    2771 | 100.0 |       0 |      10 | 100.0
            +---------+---------+-------+---------+---------+-------
